 Dungeon Crawl Stone Soup version 0.28.0 (webtiles) character file.

Game seed: 4898456266628726877

50962 ReploidZero the Thaumaturge (level 15, -21/113 HPs)
             Began as a Djinni Conjurer on Feb 6, 2022.
             Was a High Priest of Nemelex Xobeh.
             Demolished by a quicksilver ooze (22 damage)
             ... on level 1 of the Pits of Slime.
             The game lasted 01:07:52 (29187 turns).

ReploidZero the Thaumaturge (Djinni Conjurer)      Turns: 29187, Time: 01:07:54

Health: -21/113    AC: 10    Str:  6    XL:     15   Next: 0%
Gold:   1415       EV: 11    Int: 27    God:    Nemelex Xobeh [*****.] SH:  5 Dex: 12

rFire   + + .      SeeInvis .   B - staff of conjuration
rCold   + . .      Faith    .   (no shield)
rNeg    . . .      Spirit   .   C - +2 leather armour {rC+}
rPois   ∞          Reflect  +   a - +0 helmet
rElec   .          Harm     .   f - +0 cloak
rCorr   .          Rampage  .   u - +2 pair of gloves
Will    +....                   (boots unavailable)
Stlth   +.........              x - amulet of reflection
HPRegen 0.28/turn               g - ring of wizardry
MPRegen 0.00/turn               k - ring of protection from cold

@: flying
A: sickness immunity, fire resistance 2, cold vulnerability 1, float, innate
caster, HP casting, extra vitality 1
a: Renounce Religion, Draw Escape, Draw Destruction, Draw Summoning, Triple
Draw, Deal Four, Stack Five


You were on level 1 of the Pits of Slime.
You worshipped Nemelex Xobeh.
Nemelex Xobeh was extremely pleased with you.
You visited 3 branches of the dungeon, and saw 20 of its levels.

You collected 1415 gold pieces.

Inventory:

Hand Weapons
 d - a +3 trident of venom
Missiles
 l - 2 throwing nets
 O - 4 atropa-tipped darts
Armour
 a - a +0 helmet (worn)
 f - a +0 cloak (worn)
 q - +1 acid dragon scales
 u - a +2 pair of gloves (worn)
 C - a +2 leather armour of cold resistance (worn)
Magical Staves
 B - a staff of conjuration (weapon)
 S - a staff of fire
Jewellery
 g - a ring of wizardry (left hand)
 k - a ring of protection from cold (right hand)
 v - an amulet of the acrobat
 x - an amulet of reflection (around neck)
Wands
 j - a wand of polymorph (8)
 p - a wand of flame (22)
 w - a wand of iceblast (16)
 L - a wand of acid (5)
 M - a wand of charming (6)
Scrolls
 c - 6 scrolls of fog
 e - 3 scrolls of teleportation
 h - 7 scrolls of identify
 m - 3 scrolls of magic mapping
 n - 3 scrolls of fear
 y - a scroll of acquirement
 E - 2 scrolls of summoning
 H - 2 scrolls of enchant weapon
 I - a scroll of brand weapon
 K - 2 scrolls of enchant armour
Potions
 b - 4 potions of haste
 i - 2 potions of magic
 r - 4 potions of flight
 s - 3 potions of brilliance
 z - 2 potions of resistance
 A - a potion of attraction
 G - 2 potions of berserk rage
 J - 3 potions of lignification
Miscellaneous
 D - a lightning rod (4/4)
 F - a piece from Xom's chessboard (15/15)
 T - a box of beasts


   Skills:
 + Level 12.4 Fighting
 - Level 2.0 Polearms
 - Level 2.1 Dodging
 - Level 1.5 Stealth
 + Level 14.3 Spellcasting
 + Level 12.4 Invocations


You had 2 spell levels left.
You knew the following spells:

 Your Spells              Type           Power      Damage    Failure   Level
a - Magic Dart            Conj           100%       1d8       0%          1
b - Searing Ray           Conj           100%       2d8       0%          2
c - Dazzling Flash        Conj/Hex       100%       N/A       1%          3
d - Fulminant Prism       Conj/Hex       49%        3d21      1%          4
e - Iskenderun's Mystic   Conj/Tloc      98%        2d19      1%          4
f - Foxfire               Conj/Fire      100%       2x1d9     0%          1
g - Scorch                Fire           100%       2d10      0%          2
h - Tukima's Dance        Hex            77%        N/A       1%          3
i - Airstrike             Air            38%        N/A       1%          4
j - Manifold Assault      Tloc           77%        N/A       1%          5
k - Metabolic Englaciati  Hex/Ice        38%        N/A       1%          5
l - Conjure Ball Lightni  Conj/Air       49%        3x3d17    1%          6
Your spell library was empty.

Dungeon Overview and Level Annotations

Branches:
Dungeon (11/15)            Temple (0/1) D:7            Lair (6/6) D:9
  Swamp (0/4) Lair:3        Snake (0/4) Lair:3        Slime (3/5) Lair:6
    Orc (0/2) D:9

Altars:
Ashenzari
Kikubaaqudgha
Makhleb
Nemelex Xobeh
Okawaru
Sif Muna
Trog
Vehumet
Yredelemnul
The Shining One
Jiyva

Shops:
D:1 *   D:4 (   D:11 (


Innate Abilities, Weirdness & Mutations

You are immune to sickness and miasma.
You are immune to poison.
Your flesh is very heat resistant. (rF++)
You are vulnerable to cold. (rC-)
You float through the air rather than walking.
You learn spells naturally, not from books.
Your magical power is your life essence.
You have superior vitality. (+4 MHP)


Message History

The slime creature is knocked back by the mystic blast.
The slime creature collides with the slime creature!
The slime creature is lightly wounded.
The slime creature is almost dead.
The mystic blast hits the quicksilver ooze!!
The quicksilver ooze is heavily wounded.
The quicksilver ooze is knocked back by the mystic blast.
* * * LOW HITPOINT WARNING * * *
Unknown command.
Unknown command.
Unknown command.
Unknown command.
You deal a card...
You have dealt the Storm.
A fierce wind blows from the card.
The slime creatures and the azure jelly are blown away by the wind.
The electrical discharge engulfs the slime creature!!
The slime creature is heavily wounded.
The electrical discharge engulfs the quicksilver ooze!
The quicksilver ooze is almost dead.
You hear mighty peals of thunder!
You deal a card...
You have dealt Pain.
Press: ? - help, Shift-Dir - straight line, f - quicksilver ooze
Aim: a quicksilver ooze (almost dead)
The bolt of negative energy hits the quicksilver ooze!!
The quicksilver ooze is drained!
You kill the quicksilver ooze!
You deal a card...
You have dealt the Orb.
Press: ? - help, Shift-Dir - straight line, f - quicksilver ooze
Aim: a quicksilver ooze (moderately wounded)
The wavering orb of destruction weakly hits the quicksilver ooze!
The quicksilver ooze is severely wounded.
You deal a card...
You have dealt the Orb.
Press: ? - help, Shift-Dir - straight line, f/p - quicksilver ooze
Aim: a quicksilver ooze (severely wounded)
The wavering orb of destruction weakly hits the quicksilver ooze!!
The quicksilver ooze is almost dead.
The quicksilver ooze hits you!!
You die...
Your body glows with a rainbow of weird colours and disappears.

#...... .......
....... .....J.
......J#.......
.^.....JJJ.....
...............
...............
.............#.
#....@J....J#
...............
#..............
.#............#
..#......#.#...
.......##... ..
#.....# # .. #
##.... #.#


You could see an azure jelly, 4 slime creatures, a rockslime and a quicksilver
ooze.

Vanquished Creatures
  Rupert (Lair:3)
  2 quicksilver oozes
  A fire dragon (Lair:5)
  4 hydras
  3 catoblepae
  A goliath frog (Lair:6)
  A deep elf pyromancer (D:7)
  Pikel (D:5)
  4 lindwurms (D:8)
  2 cyclopes
  2 centaur zombies
  13 elephants
  3 black mambas
  An eye of devastation (Slime:3)
  16 cane toads
  A gargoyle (D:7)
  2 unseen horrors
  3 rime drakes
  11 komodo dragons
  A polar bear (Lair:5)
  A queen bee (Lair:6)
  4 tyrant leeches (Lair:6)
  2 hornets
  28 blink frogs
  6 dream sheep (Lair:5)
  Grinder (D:5)
  7 slime creatures
  Sigmund (D:4)
  29 yaks
  Grum (Lair:1)
  Eustachio (D:6)
  4 wyverns
  3 basilisks
  5 vampire mosquitoes (Lair:6)
  2 steam dragons (D:8)
  Menkaure (D:6)
  3 nagas (Lair:3)
  An acid dragon (D:10)
  14 water moccasins
  2 black bears
  2 ice beasts (D:6)
  6 orc warriors
  2 sky beasts
  2 ogres
  12 wolves
  2 lemures (D:5)
  A phantom (D:4)
  4 centaurs
  21 bullfrogs
  2 kobold brigands
  4 scorpions
  A water moccasin skeleton (D:7)
  8 killer bees
  2 wights (D:7)
  6 howler monkeys
  An electric eel (Lair:1)
  2 hounds
  5 jellies
  2 centaur skeletons
  7 orc priests
  A bullfrog skeleton (D:6)
  2 gnoll shamans
  5 iguanas
  Terence (D:3)
  Natasha (twice) (D:3)
  7 orc wizards
  2 hound skeletons
  A howler monkey skeleton (D:7)
  11 gnolls
  12 adders
  4 white imps
  An ufetubus (D:5)
  An adder zombie (D:3)
  6 worms
  3 dart slugs
  18 orcs
  9 endoplasms
  6 giant cockroaches
  5 goblins
  5 hobgoblins
  7 jackals
  2 quokkas
  6 ball pythons
  4 bats
  5 frilled lizards
  16 kobolds
  2 rats
  2 foxfires (Lair:3)
427 creatures vanquished.

Vanquished Creatures (collateral kills)
  Harold (D:9)
  An ogre (D:4)
  A gnoll (D:4)
  A goblin (D:4)
4 creatures vanquished.

Vanquished Creatures (others)
  2 dancing weapons
  140 foxfires
  33 fulminant prisms
  74 fungi
  110 plants
359 creatures vanquished.

Grand Total: 790 creatures vanquished

Notes
Turn   | Place    | Note
-------+----------+-------------------------------------------
     0 | D:1      | ReploidZero the Djinni Conjurer began the quest for the
                  | Orb.
     0 | D:1      | Reached XP level 1. HP: 15/15 MP: 0/0
    46 | D:1      | Found Vetux's General Store.
   324 | D:1      | Reached XP level 2. HP: 17/21 MP: 0/0
   454 | D:1      | Found a faded altar of an unknown god.
   867 | D:1      | Reached XP level 3. HP: 25/25 MP: 0/0
   867 | D:1      | Learned a level 1 spell: Foxfire
  1064 | D:1      | Reached skill level 4 in Spellcasting
  1718 | D:2      | Reached XP level 4. HP: 20/31 MP: 0/0
  2524 | D:3      | Reached skill level 1 in Polearms
  2645 | D:3      | Reached XP level 5. HP: 31/35 MP: 0/0
  2645 | D:3      | Learned a level 2 spell: Scorch
  3444 | D:3      | Noticed Terence
  3453 | D:3      | Killed Terence
  3454 | D:3      | Reached XP level 6. HP: 23/41 MP: 0/0
  3676 | D:3      | Found an iron altar of Okawaru.
  3823 | D:3      | Noticed Natasha
  3832 | D:3      | Killed Natasha
  3833 | D:3      | Reached skill level 5 in Spellcasting
  4141 | D:3      | Noticed Natasha
  4147 | D:3      | Killed Natasha
  4525 | D:4      | Noticed a black bear
  4532 | D:4      | Killed a black bear
  4533 | D:4      | Reached XP level 7. HP: 40/46 MP: 0/0
  4533 | D:4      | Learned a level 3 spell: Tukima's Dance
  4555 | D:4      | Found Hofojuts's Antique Weapon Emporium.
  4868 | D:4      | Reached skill level 6 in Spellcasting
  5259 | D:4      | HP: 1/46 [phantom (7)]
  5655 | D:4      | Noticed Sigmund
  5663 | D:4      | Killed Sigmund
  5664 | D:4      | Reached skill level 7 in Spellcasting
  5664 | D:4      | Reached XP level 8. HP: 36/51 MP: 0/0
  5957 | D:5      | Entered Level 5 of the Dungeon
  6287 | D:5      | Found a sparkling altar of Nemelex Xobeh.
  6366 | D:5      | Noticed Pikel
  6408 | D:5      | Killed Pikel
  6409 | D:5      | Reached skill level 8 in Spellcasting
  6409 | D:5      | Reached XP level 9. HP: 3/56 MP: 0/0
  6409 | D:5      | Learned a level 4 spell: Airstrike
  6863 | D:5      | Found a glowing golden altar of the Shining One.
  7003 | D:5      | Found a broken altar of Ashenzari.
  7047 | D:5      | Noticed Grinder
  7051 | D:5      | Killed Grinder
  7052 | D:5      | Reached skill level 9 in Spellcasting
  8177 | D:5      | Became a worshipper of Nemelex Xobeh the Trickster
  8273 | D:6      | Noticed Menkaure
  8277 | D:6      | Killed Menkaure
  8278 | D:6      | Reached skill level 10 in Spellcasting
  8288 | D:6      | Noticed Eustachio
  8309 | D:6      | Killed Eustachio
  8310 | D:6      | Reached XP level 10. HP: 11/61 MP: 0/0
  9116 | D:7      | Found a staircase to the Ecumenical Temple.
  9123 | D:7      | Killed an unseen horror
  9265 | D:7      | Reached skill level 11 in Spellcasting
  9280 | D:7      | Reached skill level 1 in Fighting
  9281 | D:7      | Noticed a cyclops
  9438 | D:7      | Reached skill level 1 in Invocations
  9635 | D:7      | Killed a cyclops
  9823 | D:7      | Noticed a deep elf pyromancer
 10476 | D:7      | Killed a deep elf pyromancer
 10619 | D:7      | You are sucked into a shaft and drop 2 floors!
 10619 | D:9      | Reached * piety under Nemelex Xobeh
 10630 | D:9      | Noticed Harold
 10641 | D:9      | Killed Harold
 10642 | D:9      | Reached XP level 11. HP: 53/73 MP: 0/0
 10642 | D:9      | Learned a level 5 spell: Manifold Assault
 11091 | D:9      | Found a staircase to the Orcish Mines.
 11104 | D:9      | Found a staircase to the Lair.
 11127 | D:9      | Reached skill level 5 in Fighting
 11805 | D:9      | Reached skill level 5 in Invocations
 12062 | D:10     | Entered Level 10 of the Dungeon
 12684 | D:10     | Received a gift from Nemelex Xobeh
 13727 | D:11     | Found Kuadoitzoi's Weapon Shoppe.
 13735 | D:11     | Noticed a cyclops
 13752 | D:11     | Killed a cyclops
 13936 | D:11     | Reached skill level 12 in Spellcasting
 14025 | D:11     | Reached ** piety under Nemelex Xobeh
 14080 | D:11     | Received a gift from Nemelex Xobeh
 14923 | D:8      | Received a gift from Nemelex Xobeh
 15648 | D:8      | Found a bloodstained altar of Trog.
 15648 | D:8      | Noticed a five-headed hydra
 15657 | D:8      | Killed a five-headed hydra
 15658 | D:8      | Reached XP level 12. HP: 64/84 MP: 0/0
 16446 | D:8      | Identified a scroll of acquirement
 16550 | D:8      | Found a basalt altar of Yredelemnul.
 16552 | D:8      | Found a burning altar of Makhleb.
 16762 | Lair:1   | Entered Level 1 of the Lair of Beasts
 17099 | Lair:1   | Reached *** piety under Nemelex Xobeh
 17201 | Lair:1   | Noticed Grum
 17209 | Lair:1   | Killed Grum
 18359 | Lair:2   | Received a gift from Nemelex Xobeh
 18369 | Lair:2   | Noticed an eight-headed hydra
 18370 | Lair:2   | Noticed a catoblepas
 18387 | Lair:2   | Killed a catoblepas
 18393 | Lair:2   | Killed an eight-headed hydra
 19118 | Lair:2   | Reached **** piety under Nemelex Xobeh
 19179 | Lair:2   | Received a gift from Nemelex Xobeh
 19295 | Lair:2   | Reached XP level 13. HP: 54/94 MP: 0/0
 19295 | Lair:2   | Learned a level 5 spell: Metabolic Englaciation
 19959 | Lair:3   | Reached skill level 13 in Spellcasting
 20359 | Lair:3   | Found a staircase to the Swamp.
 20362 | Lair:3   | Noticed a four-headed hydra
 20363 | Lair:3   | Found a staircase to the Snake Pit.
 20376 | Lair:3   | Killed a four-headed hydra
 20470 | Lair:3   | Noticed Rupert
 20497 | Lair:3   | Killed Rupert
 20498 | Lair:3   | Reached skill level 10 in Fighting
 20498 | Lair:3   | Reached skill level 10 in Invocations
 21019 | Lair:3   | Received a gift from Nemelex Xobeh
 21398 | Lair:4   | Noticed a catoblepas
 21714 | Lair:4   | Found an iron altar of Okawaru.
 21831 | Lair:4   | Killed a catoblepas
 22709 | Lair:4   | Received a gift from Nemelex Xobeh
 22881 | Lair:5   | Noticed a catoblepas
 22884 | Lair:5   | Reached XP level 14. HP: 53/103 MP: 0/0
 24578 | Lair:5   | Reached ***** piety under Nemelex Xobeh
 24578 | Lair:5   | Received a gift from Nemelex Xobeh
 25367 | Lair:6   | Entered Level 6 of the Lair of Beasts
 25384 | Lair:6   | Found a runed translucent door.
 25641 | Lair:6   | Reached skill level 14 in Spellcasting
 25704 | Lair:6   | Received a gift from Nemelex Xobeh
 27503 | Lair:6   | Found a viscous altar of Jiyva.
 27525 | Lair:6   | Found a staircase to the Slime Pits.
 27711 | Slime:1  | Entered Level 1 of the Pits of Slime
 27711 | Slime:1  | Noticed an acid blob
 27711 | Slime:1  | You are sucked into a shaft and drop 1 floor!
 27716 | Slime:2  | Noticed a quicksilver ooze
 27721 | Slime:2  | Killed a quicksilver ooze
 28744 | Slime:3  | Noticed an acid blob
 28744 | Slime:3  | Received a gift from Nemelex Xobeh
 29179 | Slime:2  | HP: 5/108 [slime creature (12)]
 29180 | Slime:2  | HP: 2/108 [slime creature (3)]
 29181 | Slime:1  | Noticed a quicksilver ooze
 29181 | Slime:1  | Noticed a quicksilver ooze
 29183 | Slime:1  | Noticed an azure jelly
 29184 | Slime:1  | Reached XP level 15. HP: 9/113 MP: 0/0
 29184 | Slime:1  | Learned a level 6 spell: Conjure Ball Lightning
 29185 | Slime:1  | Noticed a rockslime
 29187 | Slime:1  | Killed a quicksilver ooze
 29187 | Slime:1  | Demolished by a quicksilver ooze

Illustrated notes

Levels and vault maps discovered:
D:1:      dpeg_arrival_round_c, layout_loops_ring, serial_shops, shop,
          ebering_ecumenical_altar_ruins
D:2:      layout_loops_cross, basic_altar, grunt_decor_cap
D:3:      layout_loops_ring, mainiacjoe_overflow_small_starburst, nrook_uturn,
          uniq_natasha, uniq_terence
D:4:      layout_rooms, serial_shops, nicolae_shop_overgrown_old_shop,
          chequers_mini_garden, uniq_sigmund
D:5:      minmay_chambers_of_threes, layout_cave_pods,
          nicolae_tso_carved_into_rock, nemelex_xobeh_ov_fountains_minmay,
          mainiacjoe_overflow_large_starburst, uniq_pikel, uniq_grinder
D:6:      layout_rooms, kennysheep_minor_cross, uniq_menkaure, uniq_eustachio
D:7:      hangedman_cross_stitches, layout_loops_ring, lemuel_crystal_altar,
          temple_fountains
D:8:      layout_loops_cross, lightli_temple_of_fire, jmf_multi_god_temple,
          serial_rivers, chequers_serial_rivers_micro_d,
          chequers_serial_rivers_micro_b, chequers_serial_rivers_micro_e,
          chequers_serial_rivers_micro_c, chequers_serial_rivers_marsh,
          minmay_lindwurm_lava
D:9:      layout_basic, vehumet_altar_wand_db, david_lair_generic, orc_0_dummy,
          uniq_harold
D:10:     layout_loops_ring
D:11:     layout_irregular_city, serial_shops, shop, kennysheep_mini
Lair:1:   layout_cellular_growth, serial_bayou_shore_a,
          infiniplex_staircase_pool_2, uniq_grum
Lair:2:   layout_loops_ring, grunt_megastairs_5
Lair:3:   layout_loops_ring, minmay_swamp_entry_reptiles,
          guppyfry_snake_entry_island, uniq_rupert
Lair:4:   layout_regular_city, basic_altar, grunt_megastairs_2
Lair:5:   dragon1_lemuel, layout_layer_cave
Lair:6:   minmay_lair_end_frog_pond, layout_loops_ring, slime_altar_2
Slime:1:  layout_caves
Slime:2:  layout_caves
Slime:3:  cheibrodos_slime_lost_civilization_3, layout_caves

Skill      XL: |  1  2  3  4  5  6  7  8  9 10 11 12 13 14 |
---------------+-------------------------------------------+-----
Spellcasting   | 4 5 7 8 10 11 12 13 14 | 14.3
Polearms       | 1 2 |  2.0
Fighting       | 4 6 9 10 12 | 12.4
Invocations    | 4 6 8 10 12 | 12.4
Dodging        | |  2.1
Stealth        | |  1.5

Action                   |  1- 3 |  4- 6 |  7- 9 | 10-12 | 13-15 || total
-------------------------+-------+-------+-------+-------+-------++-------
Melee: Trident           |    24 |    63 |    87 |    68 |       ||   242
       Punch             |       |     1 |       |       |       ||     1
       Staff             |       |       |       |       |     8 ||     8
 Cast: Magic Dart        |    37 |    16 |     1 |       |       ||    54
       Foxfire           |     8 |     5 |     7 |    36 |    30 ||    86
       Searing Ray       |     1 |     2 |     1 |     1 |     6 ||    11
       Scorch            |       |    31 |    33 |    51 |    16 ||   131
       Tukima's Dance    |       |       |     7 |     1 |     2 ||    10
       Iskenderun's Myst |       |       |    15 |    89 |   134 ||   238
       Airstrike         |       |       |    14 |    50 |   128 ||   192
       Fulminant Prism   |       |       |     2 |    25 |     7 ||    34
       Manifold Assault  |       |       |       |     6 |       ||     6
       Metabolic Englaci |       |       |       |       |     2 ||     2
Invok: Draw Destruction  |       |       |       |     3 |    18 ||    21
       Draw Escape       |       |       |       |     1 |     1 ||     2
       Triple Draw       |       |       |       |       |     1 ||     1
       Draw Summoning    |       |       |       |       |     1 ||     1
       Deal Four         |       |       |       |       |     1 ||     1
Evoke: Wand              |       |       |       |     2 |     2 ||     4
  Use: Scroll            |       |     5 |     3 |     3 |    11 ||    22
       Potion            |       |     1 |     4 |     2 |     4 ||    11
 Stab: Sleeping          |     1 |     2 |     2 |       |       ||     5
Armor: Robe              |     5 |    10 |    25 |    26 |       ||    66
       Acid dragon scale |       |       |       |    29 |       ||    29
       Leather armour    |       |       |       |    14 |    30 ||    44
Dodge: Dodged            |    11 |    47 |    77 |    85 |    30 ||   250
Block: Other             |       |       |       |    27 |    13 ||    40
       Reflection        |       |       |       |     3 |       ||     3
